 Dungeon Crawl Stone Soup version 0.30.1-9-gdf580d7c3d (webtiles) character file.

Game seed: 7987528994842247847

281 Cheops the Firebug (level 6, -3/49 HPs)
             Began as a Naga Fire Elementalist on Oct 7, 2023.
             Slain by Ijyb
             ... wielding a +0 dagger
              (5 damage)
             ... on level 4 of the Dungeon on Oct 8, 2023.
             The game lasted 00:08:30 (3026 turns).

Cheops the Firebug (Naga Fire Elementalist)         Turns: 3026, Time: 00:08:31

Health: -3/49      AC:  3    Str: 10    XL:     6   Next: 27%
Magic:  7/10       EV: 10    Int: 17    God:
Gold:   118        SH:  0    Dex: 12    Spells: 4/11 levels left

rFire   . . .        a - +0 short sword (venom)
rCold   . . .        (no shield)
rNeg    . . .        c - +0 robe
rPois   +            (no helmet)
rElec   .            (no cloak)
rCorr   .            (no gloves)
SInv    +            (no barding)
Will    .....        g - amulet of magic regeneration
Stlth   ++           (no ring)
HPRegen 0.28/turn    (no ring)
MPRegen 0.52/turn

%: no passive effects
@: very slow
A: AC +2, large, see invisible, deformed body, poison resistance, slowness 2,
spit poison 1, naga tail 1
a: Spit Poison


You were on level 4 of the Dungeon.
You visited 1 branch of the dungeon, and saw 4 of its levels.

You collected 118 gold pieces.

Inventory:

Hand Weapons
 a - a +0 short sword of venom (weapon)
 b - a +0 short sword
Armour
 c - a +0 robe (worn)
Jewellery
 g - an amulet of magic regeneration (around neck)
 j - an amulet of the acrobat
 n - an amulet of reflection
Scrolls
 d - 5 scrolls of identify {unknown}
 e - 2 scrolls of noise {unknown}
 h - 2 scrolls of magic mapping {unknown}
 i - a scroll of fog {unknown}
Potions
 f - 3 potions of curing {unknown}
 k - a potion of cancellation {unknown}
 l - a potion of invisibility {unknown}
 m - a potion of might {unknown}
 o - a potion of lignification {unknown}
 p - a potion of magic


   Skills:
 - Level 1.7 Dodging
 - Level 3.3 Stealth
 - Level 3.0 Spellcasting
 - Level 4.0 Conjurations
 + Level 4.7 Fire Magic


You had 4 spell levels left.
You knew the following spells:

 Your Spells              Type           Power      Damage    Failure   Level
a - Foxfire               Conj/Fire      68%        2x1d7     3%          1
b - Scorch                Fire           36%        2d7       3%          2
w - Flame Wave            Conj/Fire      17%        2d7       28%         4

Your spell library contained the following spells:

 Spells                   Type           Power      Damage    Failure   Level
 Kiss of Death            Conj/Necr      36%        2d8       8%          1
 Beastly Appendage        Tmut           4%         N/A       17%         1
 Inner Flame              Hex/Fire       10%        N/A       21%         3
 Volatile Blastmotes      Fire/Tloc      20%        2d11      21%         3
 Stone Arrow              Conj/Erth      18%        3d8       22%         3
 Wereblood                Tmut           2%         N/A       26%         2
 Gell's Gravitas          Tloc           2%         N/A       45%         3
 Spider Form              Tmut/Pois      2%         N/A       45%         3
 Animate Dead             Necr           2%         N/A       86%         4
 Dispel Undead            Necr           2%         3d7       86%         4
 Passage of Golubria      Tloc           2%         N/A       86%         4
 Polar Vortex             Ice            1%         N/A       100%        9


Dungeon Overview and Level Annotations

Branches:
Dungeon (4/15)
 Temple: D:4-7

Altars:
Okawaru
Qazlal
Xom
The Shining One

Shops:
D:2 [

Annotations:
D:4 Ijyb


Innate Abilities, Weirdness & Mutations

Your serpentine skin is tough. (AC +2)
You have supernaturally acute eyesight. (SInv)
Armour fits poorly on your strangely shaped body.
Your system is resistant to poisons. (rPois)
You cover ground very slowly.
You can spit poison.
You have a snake-like lower body.


Message History

Confirm with . or Enter, or press ? or * to list all spells.
You conjure some foxfire!
The foxfire hits Menkaure.
Menkaure is burned terribly!
Menkaure is moderately damaged.
The foxfire hits Menkaure.
Menkaure is burned terribly!
Menkaure is heavily damaged.
Ijyb hits you with a +0 dagger.
* * * LOW HITPOINT WARNING * * *
Casting: Foxfire (safe; 4% risk of failure)
Confirm with . or Enter, or press ? or * to list all spells.
You conjure some foxfire!
The foxfire hits Ijyb but does no damage.
Ijyb is lightly wounded.
The foxfire hits Menkaure but does no damage.
Menkaure is heavily damaged.
Menkaure closely misses you. Ijyb screams, "I dance on your bones!"
Ijyb closely misses you.
The foxfire hits Ijyb but does no damage.
Ijyb is lightly wounded.
The foxfire hits Menkaure.
Menkaure is burned terribly!
Menkaure is severely damaged.
Menkaure barely misses you. Ijyb hits you with a +0 dagger.
* * * LOW HITPOINT WARNING * * *
Casting: Foxfire (safe; 4% risk of failure)
Confirm with . or Enter, or press ? or * to list all spells.
You conjure some foxfire!
Menkaure hits you!
* * * LOW HITPOINT WARNING * * *
Ijyb barely misses you.
The foxfire hits Menkaure!
Menkaure is burned terribly!
You destroy Menkaure!
The foxfire hits Ijyb.
Ijyb is lightly wounded.
Ijyb closely misses you.
Your Fire Magic skill increases to level 4!
You have reached level 6!
Your skin feels tougher.
Casting: Foxfire (safe; 3% risk of failure)
Confirm with . or Enter, or press ? or * to list all spells.
You conjure some foxfire!
Ijyb hits you with a +0 dagger.
You die...

## .< .## ..
##.##
##...#..#
#v@g....#
#..v......#
#...).....#
..#........#
##
##.....#.#
....... #
###.....
######


You could see Ijyb (ally target).

Vanquished Creatures
  Menkaure (D:4)
  9 adders
  2 worms
  3 dart slugs
  An orc (D:3)
  6 bats
  5 endoplasms
  2 giant cockroaches
  6 hobgoblins
  3 jackals (D:3)
  2 quokkas
  3 ball pythons (D:3)
  5 frilled lizards
  12 goblins
  4 kobolds
  7 rats
71 creatures vanquished.

Vanquished Creatures (collateral kills)
  3 foxfires (D:2)
3 creatures vanquished.

Vanquished Creatures (others)
  258 foxfires
258 creatures vanquished.

Grand Total: 332 creatures vanquished

Notes
Turn   | Place    | Note
-------+----------+-------------------------------------------
     0 | D:1      | Cheops the Naga Fire Elementalist began the quest for the
                  | Orb.
     0 | D:1      | Reached XP level 1. HP: 15/15 MP: 3/3
   304 | D:1      | Reached XP level 2. HP: 22/22 MP: 1/5
  1000 | D:1      | Learned a level 2 spell: Scorch
  1042 | D:2      | Reached XP level 3. HP: 28/28 MP: 7/7
  1384 | D:2      | Reached XP level 4. HP: 36/36 MP: 5/8
  1408 | D:2      | Found Bapeas's Armour Shoppe.
  1456 | D:2      | Got the Quarto of Grounded Bodies
  1847 | D:2      | Learned a level 4 spell: Flame Wave
  2033 | D:3      | Found a glowing golden altar of the Shining One.
  2037 | D:3      | Got the Disquisition on Brumal Translocation
  2347 | D:3      | Reached XP level 5. HP: 30/42 MP: 9/9
  2468 | D:3      | Found a stormy altar of Qazlal.
  2468 | D:3      | Found an iron altar of Okawaru.
  2522 | D:3      | Found a shimmering altar of Xom.
  3010 | D:4      | Noticed Ijyb
  3013 | D:4      | Noticed Menkaure
  3014 | D:4      | Paralysed by Ijyb for 5 turns
  3024 | D:4      | HP: 1/42 [Menkaure (15)]
  3025 | D:4      | Killed Menkaure
  3026 | D:4      | Reached XP level 6. HP: 2/49 MP: 8/10
  3026 | D:4      | Slain by Ijyb

Illustrated notes

Levels and vault maps discovered:
D:1:      dpeg_arrival_long_road, layout_basic
D:2:      layout_basic, serial_forest, infiniplex_forest_lined_room_3,
          infiniplex_forest_clump_long, infiniplex_forest_lined_3,
          infiniplex_forest_lined_4_way, infiniplex_forest_clump_curved,
          infiniplex_forest_clump_C, infiniplex_forest_corner_1,
          infiniplex_forest_straight_4, serial_shops, shop
D:3:      layout_basic, nicolae_tso_swordbearing_angel,
          nicolae_overflow_two_pavilions, tgw_xom, minivault_4, uniq_robin
D:4:      layout_loops_ring, gammafunk_ghost_nasty_kobolds, glass_columns_a,
          uniq_menkaure, uniq_ijyb, uniq_eustachio

Skill      XL: |  1  2  3  4  5 |
---------------+----------------+-----
Spellcasting   | 3 |  3.0
Conjurations   | 2 3 4 |  4.0
Fire Magic     | 4 |  4.7
Dodging        | |  1.7
Stealth        | |  3.3

Action                     |  1- 3 |  4- 6 || total
---------------------------+-------+-------++-------
  Melee: Short sword       |     7 |    15 ||    22
   Cast: Foxfire           |    56 |    99 ||   155
Ability: Spit Poison       |     3 |       ||     3
 Armour: Robe              |     1 |     9 ||    10
  Dodge: Dodged            |     9 |    28 ||    37
